 Dungeon Crawl Stone Soup version 0.20.1-1-g8b1a95d (webtiles) character file.

27906 Monsterracer the Martial Artist (level 13, -2/103 HPs)
             Began as a Merfolk Transmuter on Aug 12, 2017.
             Was a High Priest of Okawaru.
             Slain by a six-headed hydra (8 damage)
             ... while paralysed
             ... on level 4 of the Lair of Beasts.
             The game lasted 00:43:04 (19819 turns).

Monsterracer the Martial Artist (MfTm)             Turns: 19819, Time: 00:43:05

Health: -2/103     AC: 11    Str: 10    XL:     13   Next: 35%
Magic:  11/19      EV:  2    Int: 23    God:    Okawaru [*****.]
Gold:   1187       SH:  0    Dex: 14    Spells: 1/18 levels left

rFire    + . .     SeeInvis .     - Unarmed
rCold    . . .     Gourm    .   (shield currently unavailable)
rNeg     . . .     Faith    .   R - +1 steam dragon scales
rPois    .         Spirit   .   D - +0 helmet
rElec    .         Reflect  .   L - +0 cloak {rF+}
rCorr    .         Harm     .   (gloves currently unavailable)
MR       .....                  d - +1 pair of boots {Fly}
Stlth    +++.......             C - amulet of rage
Regen    0.3/turn               w - +4 ring of evasion
MPRegen  0.2/turn               o - +5 ring of intelligence

@: paralysed, blade hands, heroism, berserk cooldown, slowed
A: change form in water, swift swim, stealthy swim
a: End Transformation, Heroism, Finesse, Renounce Religion, Evoke Berserk Rage,
Evoke Flight


You were on level 4 of the Lair of Beasts.
You worshipped Okawaru.
Okawaru was extremely pleased with you.
You were very hungry.
You had blades for hands.
You visited 2 branches of the dungeon, and saw 15 of its levels.
You also visited: Ossuary and Volcano.

You collected 1407 gold pieces.
You spent 220 gold pieces at shops.

Inventory:

Hand Weapons
 b - the +6 hand axe of Mourning {chaos, MR+ Int+5 SInv, !a}
   (You found it on level 4 of the Dungeon)

   Each time it hits an enemy it has a different, random effect.
   It affects your intelligence (+5).
   It affects your resistance to hostile enchantments.
   It lets you see invisible.
Missiles
 a - 371 arrows
Armour
 d - a +1 pair of boots of flying (worn)
 z - a +2 pair of gloves of dexterity (melded)
 D - a +0 helmet (worn)
 L - a +0 cloak of fire resistance (worn)
 N - a scarf of cloud immunity
 R - +1 steam dragon scales (worn)
Jewellery
 o - a +5 ring of intelligence (right scythe-like blade)
 v - an uncursed ring of protection from fire
 w - a +4 ring of evasion (left scythe-like blade)
 C - an amulet of rage (around neck)
 G - an uncursed ring of resist corrosion
 P - an uncursed ring of protection from magic
Wands
 k - a wand of polymorph (9/24)
 t - a wand of digging (20/24)
 E - a wand of scattershot (4/9)
Scrolls
 c - 6 scrolls of recharging
 e - 4 scrolls of amnesia
 j - 3 scrolls of magic mapping
 s - a scroll of fog
 y - 3 scrolls of teleportation
 A - 2 scrolls of silence
 F - 4 scrolls of remove curse
 H - a scroll of blinking
 J - 3 scrolls of identify
 K - 3 scrolls of fear
Potions
 f - 5 potions of haste
 h - a potion of agility
 i - a potion of heal wounds
 l - 2 potions of resistance
 m - 5 potions of ambrosia
 n - a potion of invisibility
 p - 3 potions of magic
 q - 4 potions of lignification
 r - 2 potions of flight
 u - 11 potions of curing
 x - 2 potions of berserk rage
 B - 3 potions of might
 O - 2 potions of brilliance
 Q - a potion of mutation
Miscellaneous
 M - a phial of floods
Comestibles
 g - 15 meat rations
 I - 13 royal jellies
 S - 3 bread rations
 T - 2 fruits
 U - 2 chunks of flesh


   Skills:
 + Level 9.9(14.9) Fighting
 + Level 11.9(16.9) Dodging
 * Level 14.1(19.1) Unarmed Combat
 - Level 3.0 Spellcasting
 - Level 3.0 Hexes
 - Level 2.1 Charms
 - Level 10.8 Transmutations
 - Level 3.0 Ice Magic
 - Level 1.1 Air Magic
 - Level 8.4 Invocations
 - Level 3.0 Evocations


You had one spell level left.
You knew the following spells:

 Your Spells              Type           Power        Failure   Level  Hunger
a - Ice Form              Ice/Tmut       #####...     36%         4    ####...
b - Sticks to Snakes      Tmut           ######..     9%          2    ##.....
c - Confusing Touch       Hex            ###...       26%         1    None
d - Blade Hands           Tmut           ######....   28%         5    ######.
e - Swiftness             Chrm/Air       ##......     43%         2    ##.....
f - Spider Form           Tmut/Pois      ####......   28%         3    ###....


Dungeon Overview and Level Annotations

Branches:
Dungeon (11/15)            Temple (0/1) D:5            Lair (4/6) D:11
  Swamp (0/4) Lair:4        Snake (0/4) Lair:2
    Orc: D:9-12

Altars:
Cheibriados
Dithmenos
Elyvilon
Gozag
Hepliaklqana
Kikubaaqudgha
Makhleb
Okawaru
Sif Muna
Trog
Xom
The Shining One
Beogh

Shops:
D:6 *   D:7 *


Message History

* * * LOW HITPOINT WARNING * * *
The six-headed hydra completely misses you.
The six-headed hydra bites you!
* * * LOW HITPOINT WARNING * * *
The six-headed hydra bites you!
* * * LOW HITPOINT WARNING * * *
Huge Dmg: -22%(-34hp) hp: 28%(42hp) Unknown command.
You barely miss the six-headed hydra.
You are no longer berserk.
You pass out from exhaustion.
You feel yourself slow down.
The six-headed hydra bites you but does no damage.
The six-headed hydra bites you!
* * * LOW HITPOINT WARNING * * *
The six-headed hydra bites you!
* * * LOW HITPOINT WARNING * * *
The six-headed hydra bites you but does no damage. x2
The six-headed hydra bites you!
You die...

#.#.##..#####.##.###.##
...................$....
....... ................
.....#P...#.............#
.....#....##...........##
.....##.................#
.....##...#............#
.....#P...#....D.?.....#
.....##....#....@......#
.....##.†..#......)....#
.....#P................##
.....##....#............#
.....#÷...#............##.
.......†..#...............
..........#....†.....(....
..........##..##..........
....##.#..#P..##..........


You could see a six-headed hydra.

Vanquished Creatures
  Snorg (D:11)
  Josephine (Lair:4)
  3 hydras
  Urug (Lair:3)
  Sonja (D:11)
  A sun demon (Volcano)
  A hell knight (Volcano)
  Pikel (D:8)
  A cyclops (D:11)
  A black mamba (Lair:4)
  A centaur skeleton (D:11)
  A kobold demonologist (D:11)
  5 spiny frogs
  A rime drake (Lair:2)
  5 komodo dragons
  A red devil (Volcano)
  A troll (D:7)
  3 blink frogs (Lair:2)
  8 hippogriffs
  A vampire (D:9)
  2 wyverns
  25 yaks
  4 wraiths (Lair:4)
  A basilisk (Lair:4)
  A steam dragon (D:10)
  2 fire bats (Lair:1)
  A hungry ghost (D:10)
  Menkaure (D:5)
  2 soldier ants (D:8)
  14 water moccasins
  An acid dragon (D:11)
  4 hell hounds (Volcano)
  7 orc warriors
  6 porcupines
  2 phantoms
  A slave (D:8)
  A necrophage (D:6)
  An eye of draining (D:6)
  3 ice beasts
  7 wolves
  5 ogres
  5 crocodiles
  8 centaurs
  A big kobold (D:11)
  13 bullfrogs
  A gnoll sergeant (D:6)
  A water moccasin zombie (Ossuary)
  3 scorpions
  5 killer bees (D:11)
  4 wights (D:9)
  4 electric eels
  A lava snake (Lair:1)
  7 crimson imps
  A howler monkey (D:8)
  3 quasits (D:11)
  A bullfrog skeleton (D:11)
  A bullfrog zombie (D:9)
  2 orc priests
  2 jellies
  5 hounds
  11 orc wizards
  Jessica (D:3)
  6 iguanas
  Ijyb (D:4)
  Natasha (twice) (D:3 D:2)
  5 worker ants
  A killer bee zombie (D:9)
  A big kobold zombie (Ossuary)
  2 mummies (Ossuary)
  4 gnolls (D:6)
  9 adders
  3 shadow imps (D:5)
  An ooze (D:1)
  4 adder zombies
  5 adder skeletons
  2 dart slugs
  5 worms
  2 leopard geckos
  47 orcs
  4 giant cockroaches
  3 gnoll zombies (Ossuary)
  9 goblins
  5 hobgoblins
  11 jackals
  4 quokkas
  7 bats
  7 frilled lizards
  3 hobgoblin zombies (Ossuary)
  2 jackal zombies
  14 kobolds
  4 kobold zombies (Ossuary)
  2 leopard gecko skeletons (D:3)
  3 orc zombies (Ossuary)
  4 rats
392 creatures vanquished.

Vanquished Creatures (collateral kills)
  2 water moccasin zombies (Ossuary)
  An orc zombie (Ossuary)
3 creatures vanquished.

Vanquished Creatures (others)
  A sky beast (D:8)
  A giant cockroach (D:8)
  2 jackals (D:8)
  2 fungi (Lair:2)
6 creatures vanquished.

Grand Total: 401 creatures vanquished

Notes
Turn   | Place    | Note
-------+----------+-------------------------------------------
     0 | D:1      | Monsterracer the Merfolk Transmuter began the quest for the Orb.
     0 | D:1      | Reached XP level 1. HP: 15/15 MP: 3/3
   126 | D:1      | HP: 7/15 [kobold/short sword (7)]
   301 | D:1      | Reached XP level 2. HP: 16/21 MP: 5/5
   308 | D:1      | Learned a level 2 spell: Sticks to Snakes
   516 | D:1      | Reached skill level 4 in Unarmed Combat
   873 | D:1      | Reached XP level 3. HP: 20/26 MP: 6/6
   878 | D:1      | Learned a level 3 spell: Spider Form
  1378 | D:2      | Found a faded altar of an unknown god.
  1525 | D:2      | Found an ancient bone altar of Kikubaaqudgha.
  1720 | D:2      | Reached XP level 4. HP: 24/32 MP: 7/7
  1958 | D:2      | Found a glowing golden altar of the Shining One.
  2292 | D:2      | HP: 16/32 [poisoned by miscasting Spider Form (residual poison)]
  2300 | D:2      | HP: 15/32 [poisoned by miscasting Spider Form (residual poison)]
  2693 | D:3      | Noticed Jessica
  2704 | D:3      | Killed Jessica
  2704 | D:3      | Reached skill level 5 in Unarmed Combat
  2803 | D:3      | Noticed Natasha
  2810 | D:3      | Killed Natasha
  2810 | D:3      | Reached XP level 5. HP: 32/38 MP: 4/8
  2858 | D:3      | HP: 18/38 [something (2)]
  2863 | D:3      | HP: 8/38 [something (1)]
  2922 | D:3      | HP: 19/38 [poisoned by miscasting Spider Form (residual poison)]
  2927 | D:3      | HP: 14/38 [poisoned by miscasting Spider Form (residual poison)]
  2935 | D:3      | HP: 13/38 [poisoned by miscasting Spider Form (residual poison)]
  2943 | D:3      | HP: 12/38 [poisoned by miscasting Spider Form (residual poison)]
  3371 | D:3      | Noticed Natasha
  3384 | D:3      | HP: 12/38 [orc/whip of electrocution (9)]
  3387 | D:2      | Killed Natasha
  3389 | D:2      | HP: 8/38 [orc/club (3)]
  3869 | D:3      | Reached XP level 6. HP: 31/45 MP: 3/9
  3878 | D:3      | HP: 22/45 [poisoned by a worker ant]
  3883 | D:3      | HP: 20/45 [poisoned by a worker ant]
  3888 | D:3      | HP: 19/45 [poisoned by a worker ant]
  3895 | D:3      | HP: 18/45 [poisoned by a worker ant]
  3903 | D:3      | HP: 17/45 [poisoned by a worker ant]
  4232 | D:4      | Noticed Ijyb
  4239 | D:4      | Killed Ijyb
  4239 | D:4      | Reached skill level 6 in Unarmed Combat
  4306 | D:4      | HP: 13/46 [iguana (15)]
  4307 | D:4      | Reached skill level 5 in Transmutations
  4488 | D:4      | Found an iron altar of Okawaru.
  4516 | D:4      | Became a worshipper of Warmaster Okawaru
  4523 | D:4      | Found a sand-covered staircase.
  4570 | Ossuary  | Entered an ossuary
  4792 | Ossuary  | HP: 23/46 [big kobold zombie (4)]
  5177 | Ossuary  | HP: 20/47 [water moccasin zombie (5)]
  5178 | Ossuary  | HP: 9/47 [water moccasin zombie (7)]
  5178 | Ossuary  | Reached skill level 1 in Invocations
  5178 | Ossuary  | Reached XP level 7. HP: 10/52 MP: 7/10
  5184 | Ossuary  | HP: 13/52 [poison (a needle trap)]
  5192 | Ossuary  | HP: 20/52 [poison (a needle trap)]
  5197 | Ossuary  | HP: 20/52 [poison (a needle trap)]
  5589 | D:4      | Reached * piety under Okawaru
  5663 | D:4      | Found a shimmering altar of Xom.
  5748 | D:4      | Got a twisted hand axe
  5963 | D:4      | Found a deep blue altar of Sif Muna.
  5969 | D:4      | Found a white marble altar of Elyvilon.
  5976 | D:4      | Found a burning altar of Makhleb.
  6010 | D:5      | Entered Level 5 of the Dungeon
  6055 | D:5      | HP: 26/52 [quokka (5)]
  6058 | D:5      | HP: 6/52 [centaur (8)]
  6061 | D:5      | HP: 2/52 [centaur (3)]
  6062 | D:5      | Reached skill level 7 in Unarmed Combat
  6494 | D:4      | Learned a level 5 spell: Blade Hands
  6635 | D:5      | Reached XP level 8. HP: 59/60 MP: 11/11
  6722 | D:5      | Found a staircase to the Ecumenical Temple.
  6896 | D:5      | Noticed Menkaure
  6915 | D:5      | Killed Menkaure
  6989 | D:5      | HP: 23/60 [centaur (10)]
  7463 | D:6      | Reached skill level 5 in Dodging
  7672 | D:6      | Reached skill level 8 in Unarmed Combat
  8049 | D:6      | Reached ** piety under Okawaru
  8233 | D:6      | HP: 29/61 [something (3)]
  8234 | D:6      | Reached XP level 9. HP: 30/67 MP: 9/12
  8427 | D:6      | Reached skill level 5 in Fighting
  8776 | D:6      | Found a bloodstained altar of Trog.
  8779 | D:6      | Reached skill level 9 in Unarmed Combat
  8881 | D:6      | Found an opulent altar of Gozag.
  9098 | D:6      | Found Duciykoi's Assorted Antiques.
  9104 | D:6      | Bought 2 brown potions for 45 gold pieces
  9104 | D:6      | Bought a scroll labeled QONLEI MOVOTUA for 25 gold pieces
  9104 | D:6      | Bought a scroll labeled TIWOEK OPTISS for 25 gold pieces
  9106 | D:6      | Bought a thick bone amulet for 125 gold pieces
  9407 | D:7      | Found Xonnuwot's Assorted Antiques.
  9464 | D:7      | Noticed a troll
  9471 | D:7      | Killed a troll
  9477 | D:7      | Found a shadowy altar of Dithmenos.
  9692 | D:7      | Identified the +6 hand axe of Mourning {chaos, MR+ Int+5 SInv} (You found it on level 4 of the Dungeon)
 10074 | D:7      | Found a runed door.
 10272 | D:7      | Reached *** piety under Okawaru
 10274 | D:7      | Reached skill level 10 in Unarmed Combat
 10278 | D:7      | HP: 33/69 [orc/mace (3)]
 10456 | D:7      | Found a roughly hewn altar of Beogh.
 10515 | D:8      | Noticed Pikel
 10525 | D:8      | Killed Pikel
 10525 | D:8      | Reached XP level 10. HP: 77/77 MP: 8/13
 10618 | D:8      | Got a fine long sword
 10642 | D:8      | Reached skill level 5 in Invocations
 10681 | D:8      | Identified the +3 long sword "Balimy" {pain, *Drain rElec rN+ MR+} (You found it on level 8 of the Dungeon)
 10828 | D:8      | Reached **** piety under Okawaru
 11531 | D:9      | Found a hazy altar of Hepliaklqana.
 11633 | D:9      | Reached skill level 11 in Unarmed Combat
 11946 | D:9      | Found a snail-covered altar of Cheibriados.
 11981 | D:9      | Reached ***** piety under Okawaru
 12381 | D:10     | Entered Level 10 of the Dungeon
 12567 | D:10     | Reached XP level 11. HP: 84/84 MP: 11/15
 12590 | D:10     | Learned a level 4 spell: Ice Form
 12699 | D:10     | Reached skill level 1 in Evocations
 13323 | D:11     | Noticed Sonja
 13326 | D:11     | Killed Sonja
 13352 | D:11     | Noticed a sun demon
 13358 | D:11     | Reached skill level 1 in Ice Magic
 13441 | D:11     | Received a gift from Okawaru
 13470 | D:11     | Noticed a cyclops
 13473 | D:11     | Killed a cyclops
 13473 | D:11     | Reached skill level 12 in Unarmed Combat
 13893 | D:11     | Found a staircase to the Lair.
 13934 | D:11     | Noticed Snorg
 13946 | D:11     | Killed Snorg
 14234 | D:11     | Reached skill level 10 in Transmutations
 14525 | Lair:1   | Entered Level 1 of the Lair of Beasts
 14554 | Lair:1   | Noticed a six-headed hydra
 14563 | Lair:1   | HP: 39/104 [six-headed hydra (15)]
 14596 | Lair:1   | HP: 29/104 [spiny frog (12)]
 14601 | Lair:1   | HP: 7/104 [spiny frog (23)]
 14708 | D:11     | HP: 25/87 [water moccasin (7)]
 14985 | Lair:1   | Reached skill level 10 in Dodging
 15059 | Lair:1   | Received a gift from Okawaru
 15059 | Lair:1   | Reached XP level 12. HP: 94/94 MP: 17/17
 16114 | Lair:2   | Learned a level 2 spell: Swiftness
 16151 | Lair:2   | Killed a six-headed hydra
 16219 | Lair:2   | Received a gift from Okawaru
 16230 | Lair:2   | Found a dark tunnel.
 16247 | Volcano  | Entered a volcano
 16330 | Volcano  | Reached skill level 13 in Unarmed Combat
 16361 | Volcano  | Noticed a sun demon
 16368 | Volcano  | Killed a sun demon
 16373 | Volcano  | HP: 42/95 [red devil/trident of flaming (8)]
 16382 | Volcano  | HP: 39/95 [red devil/trident of flaming (5)]
 16650 | Volcano  | HP: 45/95 [hell knight/battleaxe of flaming (22)]
 16652 | Volcano  | HP: 22/95 [hell knight/battleaxe of flaming (1)]
 17376 | Lair:2   | Learned a level 1 spell: Confusing Touch
 17431 | Lair:2   | Found a staircase to the Snake Pit.
 17747 | Lair:3   | Reached skill level 1 in Hexes
 17838 | Lair:3   | Noticed a seven-headed hydra
 17843 | Lair:3   | HP: 55/115 [seven-headed hydra (8)]
 17846 | Lair:3   | Killed a seven-headed hydra
 17846 | Lair:3   | Reached ****** piety under Okawaru
 17846 | Lair:3   | Reached skill level 1 in Charms
 17847 | Lair:3   | Received a gift from Okawaru
 18264 | Lair:3   | Noticed Urug
 18274 | Lair:3   | Killed Urug
 18274 | Lair:3   | Reached XP level 13. HP: 87/101 MP: 12/19
 18530 | Lair:3   | HP: 42/101 [electric eel/bolt of electricity (12)]
 18535 | Lair:3   | HP: 37/101 [komodo dragon (5)]
 19220 | Lair:4   | Found a staircase to the Swamp.
 19305 | Lair:4   | Reached skill level 1 in Air Magic
 19790 | Lair:4   | HP: 51/103 [poisoned by a black mamba]
 19795 | Lair:4   | HP: 43/103 [poisoned by a black mamba]
 19796 | Lair:4   | Noticed Josephine
 19805 | Lair:4   | Killed Josephine
 19805 | Lair:4   | Reached skill level 14 in Unarmed Combat
 19816 | Lair:4   | HP: 67/154 [six-headed hydra (9)]
 19819 | Lair:4   | HP: 15/103 [six-headed hydra (14)]
 19819 | Lair:4   | HP: 6/103 [six-headed hydra (9)]
 19819 | Lair:4   | Slain by a six-headed hydra

Skill      XL: |  1  2  3  4  5  6  7  8  9 10 11 12 13 |
---------------+----------------------------------------+-----
Transmutations | 3 4 5 6 8 9 10 | 10.8
Unarmed Combat | 4 5 6 7 8 10 11 12 13 14 | 14.1
Fighting       | 2 3 4 6 7 8 9 |  9.9
Dodging        | 3 4 5 7 8 10 11 | 11.9
Invocations    | 1 2 3 4 6 7 8 |  8.4
Evocations     | 3 |  3.0
Ice Magic      | 3 |  3.0
Spellcasting   | 3 |  3.0
Hexes          | 1 3 |  3.0
Charms         | 2 |  2.1
Air Magic      | 1 |  1.1

Action                   |  1- 3 |  4- 6 |  7- 9 | 10-12 | 13-15 || total
-------------------------+-------+-------+-------+-------+-------++-------
Melee: Unarmed           |   137 |   236 |   436 |   728 |   125 ||  1662
       Punch             |     2 |     2 |    10 |    37 |     6 ||    57
       Headbutt          |     1 |       |       |       |       ||     1
 Cast: Beastly Appendage |     5 |       |       |       |       ||     5
       Spider Form       |       |    10 |    10 |     5 |       ||    25
       Sticks to Snakes  |       |     2 |     2 |       |       ||     4
       Blade Hands       |       |       |     4 |    27 |     5 ||    36
       Ice Form          |       |       |       |     4 |     2 ||     6
       Confusing Touch   |       |       |       |     1 |       ||     1
Invok: Heroism           |       |       |     5 |     3 |     2 ||    10
       Finesse           |       |       |       |       |     1 ||     1
 Abil: Evoke Berserk Rag |       |       |       |     9 |     2 ||    11
       Stop Flying       |       |       |       |       |     1 ||     1
  Use: Scroll            |       |    14 |    15 |     8 |       ||    37
       Potion            |       |     1 |     1 |       |     1 ||     3
 Stab: Sleeping          |     1 |     2 |     1 |     3 |       ||     7
       Distracted        |       |     2 |       |       |       ||     2
       Confused          |       |       |       |     1 |       ||     1
  Eat: Chunk             |     3 |    11 |    14 |    21 |     8 ||    57
       Fruit             |       |     1 |     2 |       |       ||     3
       Bread ration      |       |       |     1 |     6 |       ||     7
Armor: Robe              |    24 |    27 |    42 |    36 |       ||   129
       Skin              |       |     2 |     3 |    10 |       ||    15
       Steam dragon scal |       |       |       |    76 |    21 ||    97
Dodge: Dodged            |    98 |   135 |   356 |   681 |   134 ||  1404
